Map: Dreamcatcher LE

Players

Bioice

  • Race: Zerg Zerg
  • Spawn Location: 5:00

Bly - Winner!

  • Race: Zerg Zerg
  • Spawn Location: 11:00

Event: WCS Montreal 2018

VOD

Have the link to the VOD?

Description

Time

  • Played on: Sept. 7, 2018, 1:48 p.m.
  • Length: 9:48

All games in this series

Show
View Real Time Build Order
Export as new Build Order

Bioice Zerg 

Build Orders: Hatch First 

Get SALT Encoding   

  12  0:01  Drone  
  13  0:12  Overlord  
  13  0:17  Drone  
  14  0:31  Drone  
  14  0:32  Drone  
  16  0:50  Hatchery  
  16  0:52  Drone  
  16  0:56  Drone  
  17  1:00  Drone  
  18  1:07  Extractor  
  17  1:15  Spawning Pool  
  17  1:18  Drone  
  17  1:23  Drone  
  18  1:30  Drone  
  19  1:39  Drone  
  20  1:50  Overlord  
  20  2:02  Zergling x4, Queen  
  24  2:11  Zergling x2  
  24  2:12  Queen  
  26  2:23  Zergling x2  
  26  2:28  Zergling x2  
  28  2:33  Zergling x2  
  24  2:48  Drone x2  
  21  2:52  Drone  
  22  3:01  Drone  
  22  3:03  Drone  
  24  3:07  Drone  
  24  3:11  Drone  
  26  3:15  Drone  
  26  3:18  Drone  
  28  3:21  Drone  
  29  3:28  Overlord  
  29  3:31  Drone  
  30  3:34  Drone  
  30  3:37  Drone  
  30  3:40  Drone  
  33  3:42  Drone  
  33  3:44  Drone  
  35  3:52  Drone  
  36  3:57  Overlord  
  36  4:01  Overlord  
  35  4:07  Overlord  
  35  4:10  Roach Warren  
  35  4:11  Drone  
  35  4:14  Overlord  
  35  4:18  Drone  
  35  4:19  Drone  
  37  4:25  Drone x3  
  37  4:28  Drone  
  37  4:30  Drone  
  42  4:33  Drone x2  
  42  4:35  Drone  
  42  4:37  Drone  
  46  4:44  Drone x3  
  49  4:46  Extractor  
  49  4:47  Extractor  
  49  4:51  Roach x2  
  51  4:55  Overlord  
  51  4:59  Evolution Chamber  
  50  5:02  Roach x2  
  54  5:09  Roach x2  
  54  5:13  Roach x2  
  62  5:20  Overlord  
  62  5:22  Roach  
  62  5:23  Roach  
  62  5:27  Roach x2  
  70  5:31  Zerg Missile Weapons Level 1  
  70  5:34  Roach  
  72  5:39  Roach  
  72  5:40  Roach  
  76  5:49  Roach x3  
  82  5:58  Hatchery  
  82  6:04  Lair  
  79  6:08  Roach x2  
  83  6:14  Overlord x2  
  83  6:24  Overlord  
  83  6:32  Roach x5  
  93  6:33  Roach  
  93  6:36  Roach  
  93  6:38  Roach  
  99  6:42  Roach  
  97  6:48  Roach x2  
  97  6:51  Roach  
  97  6:53  Roach  
  87  7:03  Roach  
  87  7:04  Roach x2  
  87  7:06  Roach  
  89  7:11  Queen  
  89  7:12  Overlord  
  91  7:28  Roach x5  
  101  7:32  Roach  
  101  7:36  Roach x2  
  101  7:44  Glial Reconstitution  
  89  7:53  Roach  
  89  7:54  Roach x3  
  97  8:01  Overlord  
  97  8:03  Roach x2  
  97  8:04  Roach x3  
  107  8:08  Spore Crawler  
  107  8:09  Spore Crawler  
  103  8:17  Roach x3  
  105  8:23  Roach x2  
  107  8:32  Queen  
  107  8:39  Spore Crawler  
  106  8:47  Roach x3  
  112  8:52  Roach  
  114  8:56  Roach x2  
  112  9:13  Roach x5  
  116  9:21  Roach x3  
Show
View Real Time Build Order
Export as new Build Order

Bly Zerg - Winner!

Build Orders: Pool First 

Get SALT Encoding   

  12  0:17  Spawning Pool  
  11  0:22  Drone  
  11  0:27  Drone  
  13  0:31  Drone  
  14  0:41  Overlord  
  15  1:04  Zergling x4  
  15  1:05  Zergling x2  
  17  1:15  Zergling x2  
  18  1:19  Hatchery  
  17  1:26  Zergling x2  
  18  1:34  Queen  
  18  1:37  Zergling x2  
  21  1:49  Overlord  
  21  1:59  Drone  
  22  2:09  Queen  
  22  2:14  Drone  
  25  2:23  Drone  
  26  2:35  Queen  
  26  2:36  Drone x2  
  28  2:48  Drone x3  
  28  2:53  Drone x3  
  30  3:01  Drone  
  30  3:04  Drone  
  32  3:07  Extractor  
  32  3:10  Queen  
  33  3:17  Drone x2  
  35  3:21  Extractor  
  35  3:25  Drone x2  
  35  3:26  Overlord  
  36  3:30  Overlord  
  36  3:38  Overlord  
  36  3:46  Drone x5  
  41  3:51  Overlord  
  41  4:00  Drone x4  
  45  4:04  Lair  
  45  4:07  Zergling x2  
  46  4:12  Roach Warren  
  45  4:18  Evolution Chamber  
  45  4:20  Evolution Chamber  
  43  4:27  Drone x4  
  43  4:28  Drone  
  48  4:32  Extractor  
  48  4:33  Extractor  
  48  4:37  Drone  
  48  4:38  Drone x4  
  51  4:42  Overlord  
  51  4:47  Zerg Missile Weapons Level 1  
  51  4:48  Overlord  
  51  4:52  Overlord  
  51  4:56  Overlord  
  51  5:05  Glial Reconstitution  
  51  5:10  Roach x4  
  58  5:17  Roach x2  
  58  5:18  Overseer  
  62  5:21  Roach  
  62  5:25  Roach  
  62  5:26  Roach  
  62  5:28  Roach  
  70  5:32  Roach  
  70  5:34  Roach  
  74  5:46  Roach x3  
  80  5:54  Roach x5  
  90  6:05  Spire  
  90  6:06  Drone x2  
  90  6:07  Drone  
  92  6:14  Drone  
  92  6:15  Overlord  
  93  6:19  Overlord  
  93  6:24  Roach x2  
  97  6:33  Hatchery  
  97  6:36  Roach  
  94  6:52  Roach x6  
  94  7:02  Roach x4  
  98  7:12  Roach x2  
  98  7:13  Overlord, Roach  
  102  7:24  Mutalisk x4  
  102  7:25  Mutalisk  
  102  7:29  Ravager  
  114  7:37  Roach x4  
  92  7:52  Roach x7  
  104  8:01  Roach x3  
  110  8:07  Mutalisk  
  112  8:16  Mutalisk  
  112  8:18  Overlord  
  114  8:27  Drone x10  
  124  8:42  Mutalisk  
  124  8:43  Mutalisk x2  
  124  8:44  Overlord  
  130  8:48  Overlord  
  130  8:49  Extractor  
  130  8:51  Extractor  
  130  8:52  Mutalisk  
  130  9:02  Overlord  
  118  9:12  Roach x8  
  126  9:23  Roach x6  
  138  9:29  Roach x3  
Tags
 
Add a new tag
Caveats
  • Supply blocks, unpowered buildings, or Contaminate may cause inaccurate times.
  • Supply counts are checked every 10 seconds.